BSA
ORLANDO CALRISSIAN @ NEW YORK KNIGHTS
03/07/2029
 
TOP OF THE 1ST
Orlando Calrissian batting - Pitching for New York Knights : LHP Phil Davis
Pitching: LHP Phil Davis
Batting: RHB Jesús Gonzáles 0-0: Fly out, F6 (Popup, 4MD)
Batting: RHB Frederico Hernández 0-0: Ground out 4-3 (Groundball, 4)
Batting: RHB Chet Decker 0-0: Called Strike
0-1: Ground out 4-3 (Groundball, 34)
Top of the 1st over - 0 runs, 0 hits, 0 errors, 0 left on base; Orlando 0 - New York 0
BOTTOM OF THE 1ST
New York Knights batting - Pitching for Orlando Calrissian : RHP Jorge Jiménez
Pitching: RHP Jorge Jiménez
Batting: RHB Lonnie Anderson 0-0: Ball
1-0: Foul Ball, location: 2F
1-1: Ball
2-1: Ball
3-1: SINGLE (Groundball, 4MD)
Batting: RHB Ron Shelton 0-0: Ball
1-0: Ball
2-0: Ball
3-0: Called Strike
3-1: Foul Ball, location: 2F
3-2: Foul Ball, location: 2F
3-2: 2-RUN HOME RUN (Flyball, 9D), Distance : 383 ft
Batting: LHB Warren Potter 0-0: Ball
1-0: Ball
2-0: Foul Ball, location: 2F
2-1: SINGLE (Line Drive, 8LS)
Batting: RHB Vic Langlois 0-0: Ball
1-0: Fly out, F9 (Flyball, 9S)
Batting: RHB Pepe Carrasco 0-0: Called Strike
Warren Potter steals 2nd base
0-1: Called Strike
0-2: Ball
1-2: Foul Ball, location: 2F
1-2: Ball
2-2: Foul Ball, location: 2F
2-2: Ball
3-2: SINGLE (Line Drive, 8RS)
Warren Potter to third
Throwing error, E8
Warren Potter scores
Pepe Carrasco to second
Batting: RHB Steve Sampson 0-0: Ball
1-0: Fly out, F3 (Popup, 3SF)
Batting: LHB Marcos Pérez 0-0: Foul Ball, location: 2F
0-1: 2-RUN HOME RUN (Flyball, 9D), Distance : 388 ft
Batting: LHB Mike Harris 0-0: Called Strike
0-1: Ball
1-1: Ball
2-1: Ball
3-1: Base on Balls
Batting: RHB Richie Miller 0-0: Called Strike
Mike Harris steals 2nd base
0-1: Ball
1-1: Ball
2-1: Fly out, F6 (Popup, P)
Bottom of the 1st over - 5 runs, 5 hits, 1 error, 1 left on base; Orlando 0 - New York 5
TOP OF THE 2ND
Orlando Calrissian batting - Pitching for New York Knights : LHP Phil Davis
Batting: RHB Raúl Canó 0-0: Foul Ball, location: 2F
0-1: Ball
1-1: Swinging Strike
1-2: Foul Ball, location: 2F
1-2: Foul Ball, location: 2F
1-2: Strikes out looking
Batting: SHB Tim Abbott 0-0: Ball
1-0: Foul Ball, location: 2F
1-1: Ground out 4-3 (Groundball, 4M)
Batting: LHB Juan Colón 0-0: Swinging Strike
0-1: Ball
1-1: Ground out 6-3 (Groundball, 56)
Top of the 2nd over - 0 runs, 0 hits, 0 errors, 0 left on base; Orlando 0 - New York 5
BOTTOM OF THE 2ND
New York Knights batting - Pitching for Orlando Calrissian : RHP Jorge Jiménez
Batting: RHB Lonnie Anderson 0-0: Ground out 4-3 (Groundball, 4MD)
Batting: RHB Ron Shelton 0-0: Ball
1-0: DOUBLE (Line Drive, 89D)
Batting: LHB Warren Potter 0-0: Ball
1-0: Ball
2-0: Ground out U3 (Groundball, 3)
Ron Shelton to third
Batting: RHB Vic Langlois 0-0: Reached via error on a dropped throw, E1
Ron Shelton scores
Batting: RHB Pepe Carrasco 0-0: Called Strike
0-1: 2-RUN HOME RUN (Flyball, 9LD), Distance : 362 ft
Batting: RHB Steve Sampson 0-0: Called Strike
0-1: Ball
1-1: Ground out U3 (Groundball, 3)
Bottom of the 2nd over - 3 runs, 2 hits, 1 error, 0 left on base; Orlando 0 - New York 8
TOP OF THE 3RD
Orlando Calrissian batting - Pitching for New York Knights : LHP Phil Davis
Batting: RHB Júlio Negrón 0-0: Ball
1-0: Called Strike
1-1: Ball
2-1: SOLO HOME RUN (Flyball, 9LD), Distance : 360 ft
Batting: SHB Brian Price 0-0: Called Strike
0-1: SINGLE (Groundball, 6MD)
Batting: RHB José Pérez 0-0: Called Strike
0-1: Foul Ball, location: 2F
0-2: Ball
1-2: Ball
2-2: Fielders Choice at 2nd, 6-4 (Groundball, 56)
Batting: RHB Jesús Gonzáles 0-0: Ball
1-0: 2-RUN HOME RUN (Flyball, 7LD), Distance : 344 ft
Batting: RHB Frederico Hernández 0-0: Ball
1-0: Called Strike
1-1: Ball
2-1: Foul Ball, location: 2F
2-2: Fly out, F7 (Flyball, 78S)
Batting: RHB Chet Decker 0-0: Ball
1-0: Foul Ball, location: 2F
1-1: Ball
2-1: Swinging Strike
2-2: SOLO HOME RUN (Flyball, 7D), Distance : 397 ft
Batting: RHB Raúl Canó 0-0: Called Strike
0-1: Ball
1-1: Called Strike
1-2: Fly out, F4 (Line Drive, 4)
Top of the 3rd over - 4 runs, 4 hits, 0 errors, 0 left on base; Orlando 4 - New York 8
BOTTOM OF THE 3RD
New York Knights batting - Pitching for Orlando Calrissian : RHP Jorge Jiménez
Pitching: RHP Felipe Téllez
Batting: LHB Marcos Pérez 0-0: Ball
1-0: Ball
2-0: Ball
3-0: Base on Balls
Pitching: RHP Arthur Melton
Batting: LHB Mike Harris 0-0: Called Strike
0-1: Called Strike
0-2: Foul Ball, location: 2F
0-2: Ball
1-2: Strikes out swinging
Batting: RHB Richie Miller 0-0: Ball
1-0: Ball
2-0: Fly out, F7 (Flyball, 7LSF)
Batting: RHB Lonnie Anderson 0-0: Ball
1-0: Ball
2-0: Foul Ball, location: 2F
2-1: Foul Ball, location: 2F
2-2: Ground out 3-1 (Groundball, 34S)
Bottom of the 3rd over - 0 runs, 0 hits, 0 errors, 1 left on base; Orlando 4 - New York 8
TOP OF THE 4TH
Orlando Calrissian batting - Pitching for New York Knights : LHP Phil Davis
Batting: SHB Tim Abbott 0-0: Ball
1-0: Ball
2-0: Called Strike
2-1: Foul Ball, location: 2F
2-2: SINGLE (Line Drive, 7S)
Batting: LHB Juan Colón 0-0: Ball
1-0: Ball
2-0: Swinging Strike
2-1: Grounds into double play, 1-4-3 (Groundball, 15S)
Batting: RHB Júlio Negrón 0-0: Ball
1-0: Ball
2-0: Swinging Strike
2-1: Foul Ball, location: 2F
2-2: Ball
3-2: Ground out 6-3 (Groundball, 6)
Top of the 4th over - 0 runs, 1 hit, 0 errors, 0 left on base; Orlando 4 - New York 8
BOTTOM OF THE 4TH
New York Knights batting - Pitching for Orlando Calrissian : RHP Arthur Melton
Batting: RHB Ron Shelton 0-0: SOLO HOME RUN (Flyball, 7D), Distance : 380 ft
Batting: LHB Warren Potter 0-0: Called Strike
0-1: Ball
1-1: Swinging Strike
1-2: Ball
2-2: Foul Ball, location: 2F
2-2: Ball
3-2: Foul Ball, location: 2F
3-2: Foul Ball, location: 2F
3-2: Base on Balls
Batting: RHB Vic Langlois 0-0: Called Strike
Warren Potter is caught stealing 2nd base
0-1: SINGLE (Flyball, 7LS)
Batting: RHB Pepe Carrasco 0-0: Ball
1-0: Ball
2-0: Called Strike
2-1: Ball
3-1: Base on Balls
Vic Langlois to second
Batting: RHB Steve Sampson 0-0: Called Strike
0-1: Ball
1-1: Ball
2-1: Ball
3-1: Base on Balls
Vic Langlois to third
Pepe Carrasco to second
Batting: LHB Marcos Pérez 0-0: SINGLE (Groundball, 4D)
Vic Langlois scores
Pepe Carrasco to third
Steve Sampson to second
Runner from 3rd tries for Home, throw and OUT!
Batting: LHB Mike Harris 0-0: Ball
1-0: Ground out 4-3 (Groundball, 4)
Bottom of the 4th over - 2 runs, 3 hits, 0 errors, 2 left on base; Orlando 4 - New York 10
TOP OF THE 5TH
Orlando Calrissian batting - Pitching for New York Knights : LHP Phil Davis
Pitching: RHP James Jones
Batting: SHB Brian Price 0-0: Ball
1-0: Ball
2-0: Ground out 4-3 (Groundball, 4)
Batting: RHB José Pérez 0-0: Ball
1-0: Swinging Strike
1-1: Called Strike
1-2: Ball
2-2: Foul Ball, location: 2F
2-2: Strikes out swinging
Batting: RHB Jesús Gonzáles 0-0: Called Strike
0-1: Ball
1-1: Foul Ball, location: 2F
1-2: Reached on error, E3 (Groundball, 34)
Batting: RHB Frederico Hernández 0-0: Called Strike
0-1: Fielders Choice at 2nd, 6-4 (Groundball, 6)
Top of the 5th over - 0 runs, 0 hits, 1 error, 1 left on base; Orlando 4 - New York 10
BOTTOM OF THE 5TH
New York Knights batting - Pitching for Orlando Calrissian : RHP Arthur Melton
Batting: RHB Richie Miller 0-0: Ball
1-0: Ball
2-0: Ball
3-0: Base on Balls
Pinch Hitting: LHB Richard Olvera 0-0: Foul Ball, location: 2F
0-1: Ball
1-1: Ball
2-1: SINGLE (Groundball, 4MD)
Richie Miller to second
Runner from 2nd tries for 3rd, SAFE, throw made to third
Batting: LHB Arthur Hall 0-0: Ball
Richard Olvera steals 2nd base
1-0: Ball
2-0: TRIPLE (Line Drive, 8RXD)
Richie Miller scores
Richard Olvera scores
Pinch Hitting: LHB José Peralta 0-0: Ball
1-0: Ball
2-0: Ball
3-0: Base on Balls
Pinch Hitting: RHB Jacob Pope 0-0: Ball
José Peralta steals 2nd base
1-0: Foul Ball, location: 2F
1-1: Fly out, F4 (Line Drive, 4M)
Pitching: RHP Lance Sanders
Pinch Hitting: LHB Frank Young 0-0: Called Strike
0-1: Ground out 6-3 (Groundball, 6M)
Arthur Hall scores
José Peralta to third
Pinch Hitting: LHB Keith Green 0-0: Ball
1-0: Ground out U3 (Groundball, 34)
Bottom of the 5th over - 3 runs, 2 hits, 0 errors, 1 left on base; Orlando 4 - New York 13
TOP OF THE 6TH
Orlando Calrissian batting - Pitching for New York Knights : RHP James Jones
Now at 1B: Keith Green
Now at 2B: Robert Downing
Now at 3B: Héctor Vázquez
Now at SS: Bernardo Rodríguez
Now in RF: Frank Young
Batting: RHB Chet Decker 0-0: Ball
1-0: Ball
2-0: Ball
3-0: Called Strike
3-1: Base on Balls
Batting: RHB Raúl Canó 0-0: Grounds into double play, 6-4-3 (Groundball, 6)
Batting: SHB Tim Abbott 0-0: Called Strike
0-1: Foul Ball, location: 2F
0-2: Foul Ball, location: 2F
0-2: Foul Ball, location: 2F
0-2: Ball
1-2: Strikes out swinging
Top of the 6th over - 0 runs, 0 hits, 0 errors, 0 left on base; Orlando 4 - New York 13
BOTTOM OF THE 6TH
New York Knights batting - Pitching for Orlando Calrissian : RHP Lance Sanders
Batting: LHB Marcos Pérez 0-0: Ball
1-0: Ball
2-0: Foul Ball, location: 2F
2-1: SOLO HOME RUN (Flyball, 9D), Distance : 391 ft
Pinch Hitting: LHB Pedro Rodríguez 0-0: Ball
1-0: Foul Ball, location: 2F
1-1: Foul Ball, location: 2F
1-2: Strikes out swinging
Batting: RHB Richie Miller 0-0: Called Strike
0-1: Foul Ball, location: 2F
0-2: Ball
1-2: Strikes out swinging
Batting: RHB Robert Downing 0-0: SINGLE (Groundball, 6MD)
Batting: LHB Arthur Hall 0-0: Ball
1-0: Ground out 4-3 (Groundball, 4)
Bottom of the 6th over - 1 run, 2 hits, 0 errors, 1 left on base; Orlando 4 - New York 14
TOP OF THE 7TH
Orlando Calrissian batting - Pitching for New York Knights : RHP James Jones
Now in LF: Pedro Rodríguez
Batting: LHB Juan Colón 0-0: Called Strike
0-1: Ball
1-1: Ground out 4-3 (Groundball, 4)
Batting: RHB Júlio Negrón 0-0: Called Strike
0-1: Ball
1-1: Called Strike
1-2: Foul Ball, location: 2F
1-2: Strikes out swinging
Batting: SHB Brian Price 0-0: Called Strike
0-1: Ball
1-1: Ball
2-1: Foul Ball, location: 2F
2-2: Fly out, F9 (Flyball, 89XD)
Top of the 7th over - 0 runs, 0 hits, 0 errors, 0 left on base; Orlando 4 - New York 14
BOTTOM OF THE 7TH
New York Knights batting - Pitching for Orlando Calrissian : RHP Lance Sanders
Batting: RHB Héctor Vázquez 0-0: Ball
1-0: Swinging Strike
1-1: Ball
2-1: Ball
3-1: Foul Ball, location: 2F
3-2: Foul Ball, location: 2F
3-2: Ground out 6-3 (Groundball, 6)
Batting: LHB Bernardo Rodríguez 0-0: Foul Ball, location: 2F
0-1: Ball
1-1: Ball
2-1: Ball
3-1: Swinging Strike
3-2: Base on Balls
Batting: LHB Frank Young 0-0: Swinging Strike
0-1: Called Strike
Bernardo Rodríguez steals 2nd base
0-2: Fly out, F4 (Line Drive, 4)
Batting: LHB Keith Green 0-0: Ball
1-0: Called Strike
1-1: Swinging Strike
1-2: Foul Ball, location: 2F
1-2: Strikes out swinging
Bottom of the 7th over - 0 runs, 0 hits, 0 errors, 1 left on base; Orlando 4 - New York 14
TOP OF THE 8TH
Orlando Calrissian batting - Pitching for New York Knights : RHP James Jones
Pitching: RHP Sancho Mendoza
Batting: RHB José Pérez 0-0: Foul Ball, location: 2F
0-1: Ground out 5-3 (Groundball, 56)
Pinch Hitting: LHB Danny Allen 0-0: Ball
1-0: Called Strike
1-1: Foul Ball, location: 2F
1-2: Strikes out looking
Pinch Hitting: LHB Juan Jose Pineda 0-0: Called Strike
0-1: Foul Ball, location: 2F
0-2: SINGLE (Line Drive, 56)
Batting: RHB Chet Decker 0-0: Ball
1-0: Ball
2-0: Ball
3-0: Base on Balls
Juan Jose Pineda to second
Pinch Hitting: RHB Gabriel Ángel 0-0: Ball
1-0: Called Strike
1-1: Ball
2-1: Swinging Strike
2-2: Ball
3-2: Foul Ball, location: 2F
3-2: Base on Balls
Juan Jose Pineda to third
Chet Decker to second
Pinch Hitting: LHB Craig Kenney 0-0: Ball
1-0: Ball
2-0: Ball
3-0: Base on Balls
Juan Jose Pineda scores
Chet Decker to third
Gabriel Ángel to second
Batting: RHB Robby Lewis 0-0: Ground out 3-1 (Groundball, 34)
Top of the 8th over - 1 run, 1 hit, 0 errors, 3 left on base; Orlando 5 - New York 14
BOTTOM OF THE 8TH
New York Knights batting - Pitching for Orlando Calrissian : RHP Lance Sanders
Now at 1B: Gabriel Ángel
Now at SS: Jason Mason
Now in LF: Craig Kenney
Now in RF: Danny Allen
Batting: LHB Marcos Pérez 0-0: Called Strike
0-1: Foul Ball, location: 2F
0-2: Strikes out swinging
Batting: LHB Pedro Rodríguez 0-0: Ball
1-0: Ball
2-0: Called Strike
2-1: Ball
3-1: Base on Balls
Pitching: RHP Albert Colwill
Batting: RHB Richie Miller 0-0: Called Strike
0-1: Ground out 5-3 (Groundball, 56S)
Pedro Rodríguez to second
Batting: RHB Robert Downing 0-0: Ball
1-0: Swinging Strike
1-1: Swinging Strike
1-2: Strikes out swinging
Bottom of the 8th over - 0 runs, 0 hits, 0 errors, 1 left on base; Orlando 5 - New York 14
TOP OF THE 9TH
Orlando Calrissian batting - Pitching for New York Knights : RHP Sancho Mendoza
Pinch Hitting: LHB Zack Payton 0-0: Ball
1-0: Fly out, F6 (Flyball, 6MD)
Pinch Hitting: SHB Javier Jiménez 0-0: Ball
1-0: Ball
2-0: Ball
3-0: Base on Balls
Pinch Hitting: RHB Keith Sims 0-0: Ball
1-0: Fielders Choice at 2nd, 6-4 (Groundball, 6)
Batting: LHB Danny Allen 0-0: SINGLE (Flyball, 89S)
Keith Sims to second
Batting: SHB Jason Mason 0-0: Called Strike
0-1: Ball
1-1: Called Strike
1-2: Foul Ball, location: 2F
1-2: Ball
2-2: Strikes out swinging
Top of the 9th over - 0 runs, 1 hit, 0 errors, 2 left on base; Orlando 5 - New York 14
Saturday, December 16th, 2017 - OOTP Baseball 18.8 Build 76